 Dungeon Crawl Stone Soup version 0.32-a0-306-gfed3edf829 (webtiles) character file.

Game seed: 18359873002433028365

22795186 waq the Intangible (level 27, 249/249 HPs)
             Began as a Merfolk Monk on Jan 19, 2024.
             Was the Champion of Wu Jian.
             Escaped with the Orb
             ... and 15 runes
             ... and 3 gems on Feb 15, 2024!
             The game lasted 18:52:21 (66810 turns).

waq the Intangible (Merfolk Monk)                  Turns: 66810, Time: 18:52:22

Health: 249/249    AC: 18    Str: 12    XL:     27
Magic:  42/46      EV: 47    Int: 10    God:    Wu Jian [******]
Gold:   3721       SH:  0    Dex: 35    Spells: 26/64 levels left

rFire   + +          +
                       - Unarmed
rCold   + + .        (no shield)
rNeg    + + +        w - +3 troll leather armour {Snorg}
rPois   ∞            P - +0 mask of the Dragon {Will+ Slay+3 SInv}
rElec   +            O - +0 cloak of the Hunter {Regen+ Dex+3}
rCorr   +            t - +2 pair of gloves {Dex+3}
SInv    +            u - +3 pair of seven-league boots {Rampage+∞}
Will    ++++.        c - amulet "Xeamm" {^Contam +Inv Regen+ Stlth+}
Stlth   ++           a - ring "Otammas" {rF+ rCorr SInv}
HPRegen 3.01/turn    q - ring of Sunlight {rElec rPois rF++ rC+ Stlth-}
MPRegen 0.30/turn

%: rampage+∞
@: death-form, studying 5 skills
A: vile attack, torment immunity, no potions, (nimble swimmer 2), mertail,
MP-powered wands, noise suppression
0: Orb of Zot
}: 15/15 runes: decaying, serpentine, slimy, silver, golden, iron, obsidian,
icy, bone, abyssal, demonic, glowing, magical, fiery, dark
a: Siphon Essence, Begin Untransformation, Renounce Religion, Evoke
Invisibility, Wall Jump, Serpent's Lash, Heavenly Storm


You escaped.
You worshipped Wu Jian.
Wu Jian was exalted by your worship.
You were an undying horror.
You visited 18 branches of the dungeon, and saw 88 of its levels.
You visited Pandemonium 1 time, and saw 14 of its levels.
You visited the Abyss 1 time.
You also visited: Trove, Ossuary, Bailey, Gauntlet and Ice Cave.

You collected 8452 gold pieces.
You spent 4731 gold pieces at shops.

Inventory:

Missiles
 v - 10 curare-tipped darts
 I - 4 throwing nets {!f}
Armour
 t - a +2 pair of gloves of dexterity (worn)
 u - the +3 pair of seven-league boots (worn) {Rampage+∞}
   (You found it on level 5 of the Lair of Beasts)

   Rampage+∞: When moving toward enemies, its wearer moves as far as possible,
   alerting their target en route.
 w - a +3 troll leather armour (worn) {Snorg}
 E - the +0 ring mail of Dafiwuse {rF+ Str+3}
   (You found it on level 3 of the Tomb of the Ancients)

   Str+3:     It affects your strength (+3).
   rF+:       It protects you from fire.
 O - the +0 cloak of the Hunter (worn) {Regen+ Dex+3}
   (You acquired it on level 15 of the Dungeon)

   Dex+3:     It affects your dexterity (+3).
   Regen+:    It increases your rate of health regeneration.
 P - the +0 mask of the Dragon (worn) {Will+ Slay+3 SInv}
   (You found it on level 5 of the Pits of Slime)

   Slay+3:    It affects your accuracy & damage with ranged weapons and melee
   (+3).
   Will+:     It increases your willpower.
   SInv:      It lets you see invisible.
 R - the +0 hat of Beogh's Approval {rF+ Dex+3 SInv}
   (You found it in a Gauntlet)

   Dex+3:     It affects your dexterity (+3).
   rF+:       It protects you from fire.
   SInv:      It lets you see invisible.
Jewellery
 a - the ring "Otammas" (left hand) {rF+ rCorr SInv}
   (You took it off a deep elf annihilator on level 3 of the Elven Halls)

   [ring of see invisible]

   rF+:       It protects you from fire.
   SInv:      It lets you see invisible.
   rCorr:     It protects you from acid and corrosion.
 c - the amulet "Xeamm" (around neck) {^Contam +Inv Regen+ Stlth+}
   (You found it on level 3 of the Tomb of the Ancients)

   [amulet of regeneration]

   +Inv:      It lets you turn invisible.
   ^Contam:   It causes magical contamination when unequipped.
   Regen+:    It increases your rate of health regeneration.
   Stlth+:    It makes you more stealthy.
 j - a ring of willpower
 q - the ring of Sunlight (right hand) {rElec rPois rF++ rC+ Stlth-}
   (You found it on level 3 of the Tomb of the Ancients)

   [ring of protection from cold]

   rF++:      It greatly protects you from fire.
   rC+:       It protects you from cold.
   rElec:     It insulates you from electricity.
   rPois:     It protects you from poison Stlth-: It makes you less stealthy.
 s - the ring of Imogeupu {+Blink Str+6 Slay+2 Stlth+}
   (You found it on level 1 of the Depths)

   [ring of strength]

   Str+6:     It affects your strength (+6).
   Slay+2:    It affects your accuracy & damage with ranged weapons and melee
   (+2).
   +Blink:    It lets you blink.
   Stlth+:    It makes you more stealthy.
 L - a ring of protection from cold
 N - the ring "Noempuca" {rF+ rN+ Int+5}
   (You took it off a vampire knight on level 1 of the Depths)

   [ring of protection from fire]

   Int+5:     It affects your intelligence (+5).
   rF+:       It protects you from fire.
   rN+:       It protects you from negative energy.
 U - the ring of Vuw Vifo {Fly rElec MP+9}
   (You took it off a vault guard on level 5 of the Vaults)

   [ring of flight]

   rElec:     It insulates you from electricity.
   MP+9:      It affects your magic capacity (+9).
   Fly:       It grants you flight.
 V - the ring "Tudaor" {rElec Int+3 Slay+4, @P1>}
   (You bought it in a shop on level 15 of the Dungeon)

   [ring of slaying]

   Int+3:     It affects your intelligence (+3).
   Slay+4:    It affects your accuracy & damage with ranged weapons and melee
   (+4).
   rElec:     It insulates you from electricity.
Talismans
 b - a talisman of death (active) {@v0}
 r - a storm talisman {@v9}
Wands
 i - a wand of digging (17)
 l - a wand of acid (45)
 n - a wand of iceblast (49)
 K - a wand of charming (48)
Scrolls
 f - 9 scrolls of blinking
 g - 30 scrolls of teleportation
 y - 2 scrolls of fog
 B - 6 scrolls of butterflies
 F - 7 scrolls of fear
 G - 10 scrolls of poison
 H - 7 scrolls of immolation
 T - 3 scrolls of silence
Potions
 d - 3 potions of haste
 e - 15 potions of heal wounds
 o - 5 potions of invisibility {@q1}
 x - 2 potions of magic
 z - 38 potions of curing
 A - 7 potions of enlightenment
 C - 14 potions of mutation
 D - 12 potions of lignification
 Q - 2 potions of ambrosia
 S - 8 potions of resistance
 W - 10 potions of attraction
 X - 6 potions of cancellation
 Z - 5 potions of might
Miscellaneous
 k - a lightning rod (4/4)
 m - a condenser vane
 p - a phantom mirror
 J - a phial of floods
 M - a sack of spiders
 Y - a figurine of a ziggurat {@v1}


   Skills:
 O Level 27 Fighting
 - Level 17.6 Armour
 O Level 27 Dodging
 - Level 5.0 Stealth
 O Level 27 Unarmed Combat
 + Level 19.3 Spellcasting
 - Level 12.4 Necromancy
 - Level 8.0 Translocations
 + Level 23.4 Ice Magic
 - Level 6.9 Air Magic
 O Level 27 Shapeshifting


You had 26 spell levels left.
You knew the following spells:

 Your Spells              Type           Power      Damage    Failure   Level
a - Ozocubu's Armour      Ice            54%        N/A       0%          3
e - Blink                 Tloc           50%        N/A       1%          2
x - Polar Vortex          Ice            27%        12d3*     38%         9
z - Fugue of the Fallen   Necr           34%        N/A       1%          3
A - Sculpt Simulacrum     Ice/Alch       16%        N/A       8%          6
B - Dispel Undead         Necr           34%        3d15      1%          4
D - Apportation           Tloc           50%        N/A       1%          1
H - Passage of Golubria   Tloc           25%        N/A       2%          4
I - Vhi's Electric Charg  Tloc/Air       48%        N/A       2%          4
Z - Lesser Beckoning      Tloc           50%        N/A       1%          2

Your spell library contained the following spells:

 Spells                   Type           Power      Damage    Failure   Level
 Frozen Ramparts          Ice            100%       1d16      0%          3
 Kiss of Death            Conj/Necr      88%        2d12      1%          1
 Necrotise                Necr           100%       1d9       1%          1
 Shock                    Conj/Air       64%        1d7       1%          1
 Cigotuvi's Dreadful Rot  Necr/Alch/Air  44%        N/A       1%          2
 Ensorcelled Hibernation  Hex/Ice        66%        N/A       1%          2
 Momentum Strike          Conj/Tloc      34%        3d8       1%          2
 Sublimation of Blood     Necr           34%        N/A       1%          2
 Gell's Gravitas          Tloc           25%        N/A       1%          3
 Summon Ice Beast         Ice/Summ       33%        N/A       1%          3
 Teleport Other           Tloc           25%        N/A       1%          3
 Vampiric Draining        Necr           34%        2d8       1%          3
 Animate Dead             Necr           34%        N/A       1%          4
 Curse of Agony           Necr           34%        N/A       1%          5
 Metabolic Englaciation   Hex/Ice        16%        N/A       1%          5
 Mercury Vapours          Alch/Air       32%        N/A       2%          2
 Static Discharge         Conj/Air       32%        3-5/arc   2%          2
 Manifold Assault         Tloc           25%        N/A       2%          4
 Volatile Blastmotes      Fire/Tloc      34%        2d12      3%          3
 Airstrike                Air            11%        2d(2-18)  3%          4
 Anguish                  Hex/Necr       11%        N/A       4%          4
 Martyr's Knell           Necr/Summ      22%        N/A       4%          4
 Death Channel            Necr           17%        N/A       5%          6
 Foxfire                  Conj/Fire      36%        2x1d5     6%          1
 Slow                     Hex            36%        N/A       6%          1
 Sting                    Conj/Alch      36%        1d5       6%          1
 Summon Small Mammal      Summ           36%        N/A       6%          1
 Mephitic Cloud           Conj/Alch/Air  14%        N/A       7%          3
 Call Imp                 Summ           18%        N/A       9%          2
 Jinxbite                 Hex            18%        N/A       9%          2
 Scorch                   Fire           18%        2d5       9%          2
 Dimensional Bullseye     Hex/Tloc       8%         N/A       12%         4
 Iskenderun's Mystic Bla  Conj/Tloc      17%        2d5       12%         4
 Borgnjor's Vile Clutch   Necr/Erth      11%        N/A       13%         5
 Summon Lightning Spire   Summ/Air       16%        N/A       14%         4
 Call Canine Familiar     Summ           9%         N/A       19%         3
 Dazzling Flash           Conj/Hex       18%        N/A       19%         3
 Passwall                 Erth           9%         N/A       19%         3
 Sigil of Binding         Hex            9%         N/A       19%         3
 Tukima's Dance           Hex            9%         N/A       19%         3
 Summon Forest            Summ/Tloc      8%         N/A       32%         5
 Dispersal                Tloc           12%        N/A       34%         6
 Arcjolt                  Conj/Air       8%         1d18      38%         5
 Silence                  Hex/Air        8%         N/A       38%         5
 Animate Armour           Summ/Erth      18%        N/A       52%         4
 Cause Fear               Hex            4%         N/A       52%         4
 Flame Wave               Conj/Fire      9%         2d6       52%         4
 Fulminant Prism          Conj/Alch      4%         3d5       52%         4
 Ignite Poison            Fire/Alch      9%         N/A       52%         4
 Leda's Liquefaction      Alch/Erth      4%         N/A       52%         4
 Olgreb's Toxic Radiance  Alch           9%         N/A       52%         4
 Petrify                  Alch/Erth      9%         N/A       52%         4
 Sticky Flame             Fire/Alch      9%         2d5       52%         4
 Alistair's Intoxication  Alch           6%         N/A       86%         5
 Fireball                 Conj/Fire      4%         3d4       86%         5
 Irradiate                Conj/Alch      4%         3d13      86%         5
 Iskenderun's Battlesphe  Conj           9%         2d6       86%         5
 Lee's Rapid Deconstruct  Erth           4%         3d5*      86%         5
 Summon Mana Viper        Hex/Summ       9%         N/A       86%         5
 Yara's Violent Unravell  Hex/Alch       4%         3d4       86%         5
 Conjure Ball Lightning   Conj/Air       8%         3x3d6     92%         6
 Plasma Beam              Fire/Air       8%         2x1d18    92%         6
 Borgnjor's Revivificati  Necr           17%        N/A       94%         8
 Infestation              Necr           17%        N/A       94%         8
 Haunt                    Necr/Summ      11%        N/A       99%         7
 Bombard                  Conj/Erth      4%         9d2       100%        6
 Eringya's Noxious Bog    Alch           4%         4d6       100%        6
 Summon Cactus Giant      Summ           4%         N/A       100%        6
 Monstrous Menagerie      Summ           4%         N/A       100%        7
 Spellforged Servitor     Conj/Summ      4%         N/A       100%        7
 Summon Hydra             Summ           4%         N/A       100%        7
 Discord                  Hex            4%         N/A       100%        8
 Disjunction              Tloc           12%        N/A       100%        8
 Ignition                 Fire           4%         3d4       100%        8
 Chain Lightning          Conj/Air       8%         3d10      100%        9
 Death's Door             Necr           17%        N/A       100%        9
 Dragon's Call            Summ           4%         N/A       100%        9
 Fire Storm               Conj/Fire      4%         8d1       100%        9
 Shatter                  Erth           4%         3d8*      100%        9


Dungeon Overview and Level Annotations

Branches:
Dungeon (15/15)            Temple (1/1) D:5            Lair (5/5) D:11
  Swamp (4/4) Lair:2        Snake (4/4) Lair:2        Slime (5/5) Lair:4
    Orc (2/2) D:10            Elf (3/3) Orc:2        Vaults (5/5) D:13
  Crypt (3/3) Vaults:3       Tomb (3/3) Crypt:3      Depths (4/4) D:15
   Hell (visited)             Dis (7/7) Hell            Geh (7/7) Hell
    Coc (7/7) Hell            Tar (7/7) Hell            Zot (5/5) Depths:4
Ossuary (visited)          Bailey (visited)           IceCv (visited)
Gauntlet (visited)

Altars:
Ashenzari
Cheibriados
Dithmenos
Elyvilon
Fedhas
Gozag
Hepliaklqana
Kikubaaqudgha
Makhleb
Nemelex Xobeh
Okawaru
Qazlal
Ru
Sif Muna
Trog
Uskayaw
Vehumet
Wu Jian
Xom
Yredelemnul
Zin
The Shining One
Beogh
Jiyva
Lugonu

Shops:
D:2 (   D:15 =   Orc:2 :(*[:   Elf:1 [   Elf:2 :==[   Elf:3 [   Snake:3 !
Vaults:2 (   Depths:3 *

Portals:
Hell: Depths:1 Depths:2 Depths:3 Depths:4
Abyss: Lair:5 Depths:1 Depths:3
Pandemonium: Depths:1 Depths:2 Depths:3 Depths:4
Ziggurat: Depths:2

Annotations:
D:3 2 transporters, RockinRobin's ghost, amateur DsGl
D:6 Sigmund
D:9 Maurice
Elf:2 5 runed translucent doors
Dis:7 1 exclusion
Geh:3 1 exclusion
Coc:4 1 exclusion
Coc:5 2 exclusions
Coc:7 exclusions: ice statue and 2 more exclusions
Tar:7 1 exclusion
Zot:5 exclusion: obsidian statue


Innate Abilities, Weirdness & Mutations

You are an undying horror.
Your melee and unarmed attacks drain, slow and weaken victims.
You are immune to unholy pain and torment.
You cannot drink.
You are immune to poison.
((You are very nimble when in or above water. (Stealth+, EV+, Speed+++)))
Your lower body shifts to a powerful aquatic tail in water.
You expend magic power (3 MP) to strengthen your wands.
You passively dampen the noise of your surroundings.


Message History

There is a stone staircase leading down here.
There is a stone staircase leading up here.
You climb upwards.
There is a stone staircase leading down here.
There is a stone staircase leading up here.
You climb upwards.
There is a stone staircase leading down here.
Unknown command.
Blink to where?
Press: ? - help, Dir - move target
As you read the scroll of blinking, it crumbles to dust.
Aiming: Dig
Press: ? - help, Shift-Dir - straight line A rock wall.
This square is covered in magical glow.
You feel a surge of power!
The rock shatters into small pieces.
A blizzard demon comes into view.
Unknown command.
Blink to where?
Press: ? - help, Dir - move target
As you read the scroll of blinking, it crumbles to dust.
The blizzard demon moves out of view.
Unknown command.
Blink to where?
Press: ? - help, Dir - move target
As you read the scroll of blinking, it crumbles to dust.
Aiming: Dig
Press: ? - help, Shift-Dir - straight line A rock wall.
This square is covered in magical glow.
You feel a surge of power!
The rock shatters into small pieces.
Blink to where?
Press: ? - help, Dir - move target
As you read the scroll of blinking, it crumbles to dust.
Okay, then.
You open the door.
Blink to where?
Press: ? - help, Dir - move target
As you read the scroll of blinking, it crumbles to dust.
You have escaped!

#.##.##'.'##.##.#
#.....
#......#.#z.....#
#.....
#################
#..... #.....
#..... ######


There were no monsters in sight!

Vanquished Creatures
  Cerebov (Pan)
  Antaeus (Coc:7)
  the Royal Jelly (Slime:5)
  Asmodeus (Geh:7)
  Mnoleg (Pan)
  Ereshkigal (Tar:7)
  Gloorx Vloq (Pan)
  Lom Lobon (Pan)
  the Serpent of Hell (Coc:7)
  Dispater (Dis:7)
  A pandemonium lord (Pan)
  8 dread liches
  Tiamat (Depths:4)
  4 orbs of fire (Zot:5)
  6 ancient liches
  Frederick (Vaults:5)
  2 juggernauts
  Mennas (Tomb:3)
  32 royal mummies
  Vv (Depths:4)
  Bai Suzhen (Depths:2)
  the Lernaean hydra (Swamp:4)
  10 shard shrikes
  Saint Roka (Snake:3)
  2 Killer Klowns (Zot:5)
  10 caustic shrikes
  Geryon (Hell)
  7 golden dragons
  A pearl dragon (Pan)
  Norris (Vaults:2)
  5 profane servitors
  Nikola (Vaults:2)
  11 Tzitzimimeh
  6 bone dragons
  4 electric golems
  7 Brimstone Fiends
  12 doom hounds
  Zenata (Vaults:3)
  9 iron giants
  7 hellephants
  18 tentacled monstrosities
  17 Ice Fiends
  9 tainted leviathans
  8 Hell Sentinels
  2 walking frostbound tomes
  A walking crystal tome (Depths:2)
  28 Orb Guardians
  Grunn (Depths:4)
  A shard shrike skeleton (Crypt:1)
  Asterion (Depths:2)
  7 quicksilver dragons
  5 titans
  12 liches
  A walking earthen tome (Depths:3)
  2 deep elf blademasters (Elf:3)
  14 acid blobs
  9 sphinxes
  10 searing wretches
  13 Executioners
  4 death cobs
  Frances (D:14)
  20 ancient champions
  7 shadow dragons
  Donald (Vaults:3)
  Aizul (Snake:3)
  4 tengu reavers
  14 storm dragons
  A daeva (Pan)
  9 revenants
  6 rockslimes
  16 nagarajas
  12 azure jellies
  6 deep elf sorcerers
  13 frost giants
  9 fire giants
  4 demonspawn warmongers (Pan)
  A fenstrider witch (Pan)
  5 protean progenitors
  7 vault wardens
  5 quicksilver elementals
  6 draconian scorchers
  10 narguns
  6 draconian monks
  5 deep elf elementalists (Elf:3)
  5 draconian knights
  A spectral caustic shrike (Depths:1)
  10 iron dragons
  3 draconian shifters
  33 balrugs
  A spectral juggernaut (Depths:1)
  5 ghost moths
  10 cacodemons
  4 shard shrike simulacra
  2 curse skulls
  A formless jellyfish (Vaults:3)
  4 angels (Pan)
  A ghoul (Crypt:3)
  8 reapers
  15 very ugly things
  4 orc warlords
  5 draconian stormcallers
  A quicksilver ooze (Pan)
  3 draconian annihilators
  2 ophanim (Pan)
  12 vampire knights
  2 demonspawn blood saints (Pan)
  A caustic shrike skeleton (Pan)
  7 apis (Pan)
  A demonspawn corrupter (Pan)
  20 stone giants
  12 putrid mouths
  7 green draconians
  17 elemental wellsprings
  15 ironbound preservers
  10 ironbound thunderhulks
  2 juggernaut skeletons
  5 demonspawn black suns (Pan)
  5 eleionomae
  4 lorocyprocas
  13 yellow draconians
  11 deep elf annihilators (Elf:3)
  8 deep elf demonologists (Elf:3)
  7 white draconians
  A bunyip (Swamp:1)
  12 black draconians
  10 deep elf death magi
  15 spark wasps
  10 dire elephants
  6 bennus (Tomb:3)
  A minotaur (Gauntlet)
  A spectral titan (Tar:3)
  13 wendigos
  7 purple draconians
  14 war gargoyles
  6 green deaths
  6 blizzard demons
  20 mummy priests
  21 ettins
  15 fire dragons
  8 red draconians
  5 deep elf high priests
  8 eidola
  A shambling mangrove (Swamp:4)
  A spectral quicksilver dragon (Tar:3)
  6 jiangshi
  14 iron golems
  2 spectral golden dragons (Depths:1)
  2 entropy weavers (shapeshifter)
  A merfolk impaler (Abyss:3)
  2 rakshasas
  2 crystal guardians
  10 yaktaur captains
  11 great orbs of eyes
  12 hydras
  A jorogumo (Pan)
  6 caustic shrike simulacra
  4 hell beasts
  3 ogre magi
  4 ghost crabs
  5 spriggan air magi
  12 salamander tyrants
  26 vault guards
  4 alligators
  13 ice dragons
  8 juggernaut simulacra
  6 anacondas
  5 boulder beetles
  A spectral tengu (Depths:1)
  4 centaur warriors
  2 merfolk aquamancers (Pan)
  7 ironbound frosthearts
  7 catoblepae
  4 stokers
  A two-headed ogre (shapeshifter) (Depths:1)
  3 radroaches (Elf:1)
  10 death yaks
  A death knight (Crypt:1)
  4 two-headed ogres
  A fenstrider witch skeleton (Crypt:1)
  8 deep troll shamans
  A spectral stone giant (Tar:3)
  8 vampire magi
  7 hell hogs
  7 orc high priests
  2 tengu warriors
  33 death scarabs
  7 dancing weapons
  5 deep troll earth magi
  14 naga warriors
  2 spectral dire elephants
  A demonic crawler (Pan)
  18 naga sharpshooters
  15 soul eaters
  5 shock serpents
  4 thrashing horrors
  10 deep elf knights
  43 sun demons
  38 hell knights
  A titan skeleton (Crypt:3)
  6 iron trolls
  8 spriggan berserkers
  28 shadow wraiths
  2 hellephant skeletons (Pan)
  2 fire crabs (Lair:5)
  A wretched star (Abyss:2)
  6 crystal echidnas
  17 sixfirhies
  12 skeletal warriors
  2 salamander mystics
  2 sea snakes (Elf:1)
  2 deep trolls (shapeshifter) (Vaults:4)
  4 spectral spriggans
  36 deep trolls
  9 shadow demons (Pan)
  5 skysharks
  4 goliath frogs
  4 quicksilver dragon simulacra
  A sea snake (shapeshifter) (Vaults:5)
  A glowing orange brain (shapeshifter) (Zot:1)
  2 spectral anacondas (Tar:3)
  9 deep elf archers
  6 naga ritualists
  2 glowing orange brains
  16 flayed ghosts
  A bunyip skeleton (Tomb:1)
  2 death drakes (Elf:1)
  10 bog bodies
  2 orange crystal statues (Hell)
  3 arcanists
  13 orc knights
  Pikel (D:4)
  A fenstrider witch simulacrum (Tomb:3)
  12 lindwurms
  5 sun moths (Pan)
  6 mana vipers
  31 phantasmal warriors
  14 swamp dragons
  3 spriggan simulacra
  15 ironbound convokers
  16 deep elf zephyrmancers
  An iron dragon zombie (Crypt:1)
  A fire giant zombie (Vaults:4)
  29 ugly things
  10 moths of wrath
  16 necromancers
  17 deep elf pyromancers
  An oklob plant (Gauntlet)
  6 orc sorcerers
  18 salamanders
  7 shining eyes
  A cyclops (D:15)
  4 manticores
  An Executioner simulacrum (Pan)
  A worldbinder (Abyss:2)
  7 will-o-the-wisps
  2 moths of wrath (shapeshifter)
  2 stone giant skeletons (Crypt:3)
  A black mamba (shapeshifter) (Lair:5)
  An eye of devastation (shapeshifter) (Depths:4)
  6 titan simulacra
  12 vault sentinels
  32 elephants
  A guardian serpent (shapeshifter) (Lair:5)
  2 water nymphs (shapeshifter)
  10 guardian serpents
  28 black mambas
  16 naga magi
  A fire giant skeleton (Depths:1)
  2 ice statues (IceCv)
  A dire elephant zombie (Crypt:3)
  A torpor snail (Lair:5)
  21 smoke demons
  A kobold blastminer (Orc:1)
  8 molten gargoyles
  7 eyes of devastation
  7 orange demons
  2 gargoyles
  11 large abominations
  2 spriggan zombies
  20 yaktaurs
  3 kobold demonologists (D:14)
  8 cane toads
  4 efreet (Pan)
  6 komodo dragons
  6 unseen horrors
  3 golden dragon simulacra
  A rime drake (shapeshifter) (D:13)
  2 rime drakes
  Maggie (D:10)
  2 anaconda simulacra
  4 freezing wraiths
  11 tormentors
  An alligator snapping turtle skeleton (Crypt:3)
  2 spectral nagas
  17 hellions
  7 ice devils
  3 iron giant simulacra
  44 guardian mummies
  An ancient zyme (Abyss:2)
  10 hellwings (Pan)
  2 red devils (Hell)
  3 tengu conjurers
  A silent spectre (Tar:3)
  8 trolls
  2 tarantellas (Elf:1)
  A merfolk (D:9)
  2 bloated husks
  3 polar bears
  A troll (shapeshifter) (Lair:5)
  10 tyrant leeches
  15 hornets
  A blink frog (shapeshifter) (Vaults:2)
  7 glass eyes
  A harpy skeleton (Crypt:3)
  24 blink frogs
  7 raiju
  6 dream sheep (Lair:4)
  A stone giant simulacrum (Coc:2)
  An ettin zombie (Crypt:3)
  An iron dragon simulacrum (Coc:5)
  A centaur simulacrum (Tomb:3)
  8 wraiths
  14 shadows
  3 spriggan skeletons
  13 ynoxinuls
  62 slime creatures
  An air elemental (Elf:1)
  2 wyverns
  An orc simulacrum (Crypt:1)
  A yak (shapeshifter) (D:13)
  A spriggan (shapeshifter) (Lair:5)
  13 spriggans
  4 dire elephant simulacra
  56 yaks
  6 water elementals
  18 ushabtiu
  A fire elemental (Elf:2)
  6 basilisks
  2 vampires
  3 golden eyes
  11 neqoxecs
  3 naga simulacra (Coc:6)
  6 wargs
  9 chaos spawn
  7 starcursed masses (Abyss:2)
  12 vampire mosquitoes
  A fire bat zombie (Crypt:3)
  7 acid dragons
  11 harpy simulacra
  15 swamp worms
  32 nagas
  A naga zombie (Crypt:3)
  Duvessa (D:7)
  8 water moccasins
  5 hydra simulacra
  A naga skeleton (Crypt:3)
  A human simulacrum (Vaults:4)
  A hell hound (Abyss:3)
  2 ice beasts
  A swamp dragon zombie (Tomb:2)
  13 swamp drakes
  2 sky beasts
  An ice dragon simulacrum (Crypt:1)
  8 laughing skulls
  2 ettin simulacra
  43 orc warriors
  2 black bears (Lair:2)
  10 wolves
  8 ogres
  23 centaurs
  A human skeleton (Vaults:4)
  3 lemures (D:4)
  An elf zombie (Ossuary)
  3 kobold brigands
  A rime drake skeleton (Crypt:2)
  2 gnoll sergeants
  9 weeping skulls (Crypt:3)
  Blork the orc (D:5)
  12 bullfrogs
  An earth elemental (Elf:2)
  2 scorpions
  10 small abominations
  8 wights (D:9)
  Dowan (D:7)
  5 killer bees (D:9)
  8 howler monkeys
  3 crimson imps (Gauntlet)
  2 bombardier beetles
  3 centaur zombies (Ossuary)
  7 human zombies
  21 orc priests
  2 gnoll boudas
  10 jellies
  A hound (D:5)
  An iron imp (Abyss:3)
  4 iguanas
  A scorpion zombie (Crypt:1)
  A sleepcap (D:8)
  Ijyb (D:4)
  31 orc wizards
  A killer bee zombie (Ossuary)
  2 wolf simulacra (IceCv)
  A polar bear simulacrum (IceCv)
  52 mummies
  27 gnolls
  An adder (shapeshifter) (Elf:1)
  3 adders
  A steam dragon skeleton (Crypt:3)
  2 shadow imps
  2 white imps (D:7)
  3 ufetubi
  An iguana zombie (Crypt:3)
  A ribbon worm (D:2)
  2 dart slugs
  146 orcs
  4 ball pythons
  A bat zombie (Crypt:3)
  10 endoplasms
  A giant cockroach (D:4)
  6 goblins
  5 hobgoblins
  15 jackals (D:4)
  4 quokkas
  2 bats
  9 frilled lizards
  11 kobolds
  2 rats
  2 aspiring fleshes (Pan)
  3 ball lightnings (Pan)
  2 creeping infernos (Geh:7)
  A fire vortex (Geh:7)
  2 spectral weapons
3204 creatures vanquished.

Vanquished Creatures (collateral kills)
  A naga sharpshooter (Snake:4)
  A soul eater (Pan)
2 creatures vanquished.

Vanquished Creatures (others)
  A fire giant (Depths:1)
  A shard shrike simulacrum (Coc:4)
  A demonspawn blood saint (Pan)
  A formless jellyfish (Vaults:3)
  2 juggernaut simulacra
  2 caustic shrike simulacra (Coc:6)
  A stoker (Geh:7)
  A quicksilver dragon simulacrum (Coc:6)
  A steelbarb worm (shapeshifter) (Vaults:2)
  A troll (shapeshifter) (Elf:3)
  A stone giant simulacrum (Coc:6)
  A dire elephant simulacrum (Coc:6)
  A neqoxec (Pan)
  A chaos spawn (Pan)
  An ettin simulacrum (Coc:7)
  An orc (Orc:1)
  6 ball lightnings (Pan)
  16 foxfires
  A starspawn tentacle (Abyss:1)
41 creatures vanquished.

Grand Total: 3247 creatures vanquished

Notes
Turn   | Place    | Note
-------+----------+-------------------------------------------
     0 | D:1      | waq the Merfolk Monk began the quest for the Orb.
     0 | D:1      | Reached XP level 1. HP: 18/18 MP: 1/1
   238 | D:1      | Reached XP level 2. HP: 15/24 MP: 2/2
   642 | D:2      | Increase (s)trength, (i)ntelligence, or (d)exterity?
   642 | D:2      | Reached XP level 3. HP: 28/30 MP: 3/3
   674 | D:2      | Found Dadyfuf's Antique Weapon Emporium.
   958 | D:2      | Found a faded altar of an unknown god.
  1329 | D:3      | Found a transporter.
  1358 | D:3      | Reached skill level 1 in Armour
  1449 | D:3      | Identified the +9 falchion of Qazlal, Protecting {protect,
                  | Dex+2}
  1525 | D:3      | Noticed a wight
  1545 | D:3      | Found a transporter.
  1549 | D:3      | Noticed RockinRobin's ghost (amateur DsGl)
  1702 | D:3      | Found a radiant altar of Vehumet.
  1702 | D:3      | Found an ancient bone altar of Kikubaaqudgha.
  1703 | D:3      | Found a shimmering blue altar of Sif Muna.
  1744 | D:3      | Got Sif Muna's Compendium of Imprecation
  2169 | D:4      | Reached XP level 4. HP: 37/37 MP: 4/4
  2376 | D:4      | Noticed a scorpion
  2441 | D:4      | Killed a scorpion
  2442 | D:4      | Reached XP level 5. HP: 43/43 MP: 5/5
  2553 | D:4      | Noticed a kobold brigand
  2717 | D:4      | Killed a kobold brigand
  2718 | D:4      | Reached skill level 5 in Fighting
  2718 | D:4      | Reached XP level 6. HP: 46/51 MP: 6/6
  2829 | D:4      | Reached skill level 5 in Unarmed Combat
  3327 | D:4      | Reached XP level 7. HP: 38/56 MP: 7/7
  3428 | D:4      | Noticed Ijyb
  3431 | D:4      | Killed Ijyb
  4439 | D:5      | Entered Level 5 of the Dungeon
  4614 | D:5      | Noticed Blork the orc
  4660 | D:4      | Noticed Pikel
  4808 | D:4      | Killed Pikel
  4809 | D:4      | Reached skill level 5 in Dodging
  4809 | D:4      | Reached XP level 8. HP: 61/67 MP: 8/8
  5057 | D:5      | Found a blossoming altar of Fedhas.
  5238 | D:5      | Found a stormy altar of Qazlal.
  5407 | D:5      | Found a staircase to the Ecumenical Temple.
  5419 | Temple   | Entered the Ecumenical Temple
  5564 | D:6      | Noticed Sigmund
  5691 | D:6      | Reached skill level 1 in Shapeshifting
  5752 | D:6      | Found an opulent altar of Gozag.
  5788 | D:6      | Increase (s)trength, (i)ntelligence, or (d)exterity?
  5788 | D:6      | Reached XP level 9. HP: 46/73 MP: 9/9
  5827 | D:6      | Found a sand-covered staircase.
  5834 | Ossuary  | Entered an ossuary
  6536 | D:6      | Found a glowing golden altar of the Shining One.
  7043 | D:7      | Noticed Duvessa
  7043 | D:7      | Noticed Dowan
  7076 | D:7      | Killed Duvessa
  7085 | D:7      | Killed Dowan
  7121 | D:7      | Upgraded the game from 0.32-a0-22-g6ae6769602 to
                  | 0.32-a0-30-gefbe487952
  7176 | D:7      | Found a snail-covered altar of Cheibriados.
  7187 | D:7      | Found an ornate altar of the Wu Jian Council.
  7189 | D:7      | Found a sparkling altar of Nemelex Xobeh.
  7209 | D:7      | Became a worshipper of the Wu Jian Council
  7209 | D:7      | Reached * piety under Wu Jian
  7209 | D:7      | Reached ** piety under Wu Jian
  7982 | D:7      | Reached skill level 5 in Shapeshifting
  8287 | D:8      | Found a transporter.
  8352 | D:8      | Found a flagged portal.
  8385 | Bailey   | Entered a bailey
  8492 | Bailey   | Reached XP level 10. HP: 53/81 MP: 10/10
  8856 | Bailey   | Reached *** piety under Wu Jian
  9383 | Bailey   | Reached skill level 10 in Dodging
  9660 | Bailey   | Identified an amulet of regeneration
  9824 | D:8      | Reached skill level 10 in Unarmed Combat
  9916 | D:8      | Found a white marble altar of Elyvilon.
 10009 | D:8      | Noticed a two-headed ogre
 10125 | D:8      | Found a transporter.
 10417 | D:8      | Reached skill level 5 in Armour
 10423 | D:8      | Reached XP level 11. HP: 81/87 MP: 11/11
 10822 | D:9      | Reached **** piety under Wu Jian
 10945 | D:9      | Noticed Erica
 11185 | D:9      | Erica changed into Erica the merfolk
 11185 | D:9      | Noticed Erica
 11192 | D:9      | Killed Erica the merfolk
 11442 | D:9      | Found a burning altar of Makhleb.
 11501 | D:9      | Noticed Maurice
 12040 | D:10     | Entered Level 10 of the Dungeon
 12233 | D:10     | Found a staircase to the Orcish Mines.
 12399 | D:10     | Noticed Snorg
 12404 | D:10     | Snorg changed into Snorg the moth of wrath
 12404 | D:10     | Noticed Snorg
 12409 | D:10     | Killed Snorg the moth of wrath
 12670 | D:10     | Found a sacrificial altar of Ru.
 12899 | D:10     | Noticed Maggie
 12908 | D:10     | Killed Maggie
 12928 | D:10     | Paralysed by a hornet for 2 turns
 13321 | D:11     | Reached ***** piety under Wu Jian
 13322 | D:11     | Reached skill level 10 in Shapeshifting
 13977 | D:11     | Found a staircase to the Lair.
 14742 | Lair:1   | Entered Level 1 of the Lair of Beasts
 14801 | Lair:1   | Identified the +0 cloak of Lugonu's Envy {rPois Str+4}
 14876 | Lair:1   | Reached XP level 12. HP: 94/97 MP: 12/12
 14888 | Lair:1   | Noticed a catoblepas
 14911 | Lair:1   | Killed a catoblepas
 14972 | Lair:1   | Reached skill level 10 in Fighting
 15868 | Lair:2   | Found a staircase to the Swamp.
 16188 | Lair:2   | Noticed a catoblepas
 16392 | Lair:2   | Killed a catoblepas
 16456 | Lair:2   | Reached XP level 13. HP: 106/106 MP: 13/13
 16571 | Lair:2   | Reached skill level 10 in Armour
 16813 | Lair:2   | Found a staircase to the Snake Pit.
 17207 | Lair:3   | A malevolent force fills the Lair of Beasts...
 18374 | Lair:4   | Found a viscous altar of Jiyva.
 18374 | Lair:4   | Found a staircase to the Slime Pits.
 18830 | Lair:4   | Learned a level 2 spell: Blink
 18832 | Lair:4   | Learned a level 1 spell: Apportation
 18981 | Lair:4   | Reached XP level 14. HP: 93/116 MP: 14/14
 19209 | Lair:5   | Entered Level 5 of the Lair of Beasts
 19242 | Lair:4   | Reached ****** piety under Wu Jian
 19476 | Lair:5   | Found the +3 pair of seven-league boots {Rampage+∞}
 19595 | Lair:5   | Reached skill level 15 in Dodging
 20402 | Lair:5   | Increase (s)trength, (i)ntelligence, or (d)exterity?
 20402 | Lair:5   | Reached XP level 15. HP: 125/125 MP: 15/15
 20410 | Lair:5   | Reached skill level 15 in Shapeshifting
 20439 | Lair:5   | Found a corrupted altar of Lugonu.
 20439 | Lair:5   | Found a one-way gate to the infinite horrors of the Abyss.
 20888 | D:12     | Found a frozen archway.
 20907 | IceCv    | Entered an ice cave
 20910 | IceCv    | Found a transporter.
 20926 | IceCv    | Found a transporter.
 21049 | D:12     | Found a glowing silver altar of Zin.
 21584 | D:13     | Found a gate to the Vaults.
 21741 | D:14     | Noticed Frances
 21743 | D:14     | Killed Frances
 22124 | D:14     | Found a gate leading to a gauntlet.
 22132 | Gauntlet | Entered a Gauntlet
 22132 | Gauntlet | Found a transporter.
 22133 | Gauntlet | Found a large runed translucent door.
 22134 | Gauntlet | Found a large runed translucent door.
 22135 | Gauntlet | Found a large runed translucent door.
 22135 | Gauntlet | Found a large runed translucent door.
 22135 | Gauntlet | Found a runed translucent door.
 22135 | Gauntlet | Found a runed translucent door.
 22136 | Gauntlet | Found a large runed translucent door.
 22137 | Gauntlet | Found a large runed translucent door.
 22138 | Gauntlet | Found a large runed translucent door.
 22138 | Gauntlet | Found a large runed translucent door.
 22139 | Gauntlet | Found a runed translucent gate.
 22139 | Gauntlet | Found a runed translucent gate.
 22139 | Gauntlet | Found a runed translucent gate.
 22141 | Gauntlet | Found a transporter.
 22150 | Gauntlet | Found a large runed translucent door.
 22150 | Gauntlet | Found a large runed translucent door.
 22151 | Gauntlet | Found a large runed translucent door.
 22152 | Gauntlet | Found a large runed translucent door.
 22156 | Gauntlet | Found a transporter.
 22161 | Gauntlet | Found a transporter.
 22176 | Gauntlet | Found a transporter.
 22195 | Gauntlet | Found a transporter.
 22203 | Gauntlet | Noticed a balrug
 22207 | Gauntlet | Found a transporter.
 22219 | Gauntlet | Found a transporter.
 22231 | Gauntlet | Found a transporter.
 22243 | Gauntlet | Found a transporter.
 22260 | Gauntlet | Found a transporter.
 22277 | Gauntlet | Found a transporter.
 22279 | Gauntlet | Found a transporter.
 22304 | Gauntlet | Found a transporter.
 22306 | Gauntlet | Found a transporter.
 22308 | Gauntlet | Found a transporter.
 22332 | Gauntlet | Found a large runed translucent door.
 22332 | Gauntlet | Found a large runed translucent door.
 22333 | Gauntlet | Found a large runed translucent door.
 22334 | Gauntlet | Found a large runed translucent door.
 22336 | Gauntlet | Found a transporter.
 22338 | Gauntlet | Found a transporter.
 22655 | Gauntlet | Identified the +0 hat of Beogh's Approval {rF+ Dex+3 SInv}
 23136 | D:15     | Entered Level 15 of the Dungeon
 23244 | D:15     | Found Geoskaim's Jewellery Shoppe.
 23304 | D:15     | Found a staircase to the Depths.
 23735 | D:15     | Found a portal to a secret trove of treasure.
 23980 | D:15     | Bought the ring "Tudaor" {rElec Int+3 Slay+4} for 1572 gold
                  | pieces
 24115 | D:14     | Reached XP level 16. HP: 134/134 MP: 16/16
 24662 | D:13     | Reached skill level 15 in Fighting
 24942 | D:11     | Upgraded the game from 0.32-a0-30-gefbe487952 to
                  | 0.32-a0-33-g74fbe469d6
 25051 | Snake:1  | Entered Level 1 of the Snake Pit
 27687 | Snake:3  | Noticed Saint Roka
 27689 | Snake:3  | Killed Saint Roka
 27842 | Snake:3  | Identified the serpent talisman of the Shishi {rCorr Dex+2}
 27842 | Snake:3  | Noticed Aizul
 28082 | Snake:3  | Reached skill level 15 in Unarmed Combat
 28295 | Snake:3  | Found Iwalenit's Distillery.
 28303 | Snake:3  | Bought a potion of curing for 48 gold pieces
 28303 | Snake:3  | Bought a potion of curing for 48 gold pieces
 28814 | Snake:3  | Killed Aizul
 28840 | Snake:4  | Entered Level 4 of the Snake Pit
 28880 | Snake:4  | Reached XP level 17. HP: 144/144 MP: 17/17
 29846 | Snake:4  | Got a serpentine rune of Zot
 30246 | Snake:3  | Bought a potion of lignification for 48 gold pieces
 30248 | Snake:3  | Bought a potion of might for 64 gold pieces
 30248 | Snake:3  | Bought a potion of haste for 160 gold pieces
 30248 | Snake:3  | Bought a potion of mutation for 128 gold pieces
 30248 | Snake:3  | Bought a potion of cancellation for 128 gold pieces
 30248 | Snake:3  | Bought a potion of attraction for 48 gold pieces
 30324 | Snake:3  | Identified a scroll of acquirement
 30660 | D:8      | Identified the +2 helmet of Sif Muna's Pride {Str+3 Dex+2}
 30833 | Swamp:1  | Entered Level 1 of the Swamp
 30970 | Swamp:1  | Identified the +0 robe "Woute" {rElec rPois Archmagi}
 31050 | Swamp:1  | Noticed a tentacled monstrosity
 31051 | Swamp:1  | Reached XP level 18. HP: 154/154 MP: 18/18
 31052 | Swamp:1  | Killed a tentacled monstrosity
 32121 | Swamp:4  | Entered Level 4 of the Swamp
 32261 | Swamp:4  | A malevolent force fills the Swamp...
 32599 | Swamp:4  | Noticed the 27-headed Lernaean hydra
 32607 | Swamp:4  | Killed the 27-headed Lernaean hydra
 32809 | Swamp:4  | Got a mossy gem with 165 turns to spare
 32811 | Swamp:4  | Got a decaying rune of Zot
 33193 | D:15     | Acquired the +0 cloak of the Hunter {Regen+ Dex+3}
 33252 | Depths:1 | Entered Level 1 of the Depths
 33253 | Depths:1 | Found a gateway to Hell.
 33332 | Depths:1 | Found a corrupted altar of Lugonu.
 33448 | Depths:1 | Reached XP level 19. HP: 149/164 MP: 19/19
 33548 | Depths:1 | Identified the +1 plate armour "Baexemme" {rElec rC+ rN++
                  | Will-}
 33548 | Depths:1 | Identified the ring "Noempuca" {rF+ rN+ Int+5}
 33759 | Depths:1 | Found a one-way gate leading to the halls of Pandemonium.
 33946 | Depths:1 | Identified the staff of the Vestibule of Hell {rPois rC+
                  | MP+9 Dex+3 Alchemy}
 33989 | Depths:1 | Noticed a tentacled monstrosity
 33995 | Depths:1 | Noticed a caustic shrike
 34009 | Depths:1 | Killed a tentacled monstrosity
 34069 | Depths:1 | Killed a caustic shrike
 34331 | Depths:1 | Found an ancient bone altar of Kikubaaqudgha.
 34340 | Depths:1 | Identified the ring of Imogeupu {+Blink Str+6 Slay+2
                  | Stlth+}
 34342 | Depths:1 | Identified the staff of Terra Cotta {rElec rPois MP-9
                  | Earth}
 34488 | Depths:1 | Upgraded the game from 0.32-a0-33-g74fbe469d6 to
                  | 0.32-a0-35-gd9ff480968
 34581 | Depths:2 | Found a one-way gateway to a ziggurat.
 34597 | Depths:2 | Noticed Bai Suzhen
 34620 | Depths:2 | Killed Bai Suzhen
 35112 | Depths:2 | Identified the +0 robe of Sunlight {Int+3}
 35131 | Depths:2 | Found a basalt altar of Yredelemnul.
 35131 | Depths:2 | A malevolent force fills the Depths...
 35380 | Depths:2 | Identified the +3 leather armour of Loeg {-Tele rPois MP+9
                  | Int+3}
 35464 | Depths:2 | Noticed Asterion
 35467 | Depths:2 | Noticed a tentacled monstrosity
 35467 | Depths:2 | Killed Asterion
 35468 | Depths:2 | Reached XP level 20. HP: 176/176 MP: 20/20
 35571 | Depths:2 | Identified the staff "Ugoaqut" {rElec Int+3 Air}
 35827 | Depths:3 | Upgraded the game from 0.32-a0-35-gd9ff480968 to
                  | 0.32-a0-132-g2d33c3cfaf
 35900 | Depths:3 | Found Ylostrus's General Store.
 36096 | Depths:3 | Found an ancient bone altar of Kikubaaqudgha.
 36096 | Depths:3 | Found a shimmering blue altar of Sif Muna.
 36098 | Depths:3 | Found a shadowy altar of Dithmenos.
 36098 | Depths:3 | Found a hazy altar of Hepliaklqana.
 36917 | Depths:3 | Identified a storm talisman
 37052 | Depths:4 | Entered Level 4 of the Depths
 37085 | Depths:4 | Increase (s)trength, (i)ntelligence, or (d)exterity?
 37085 | Depths:4 | Reached XP level 21. HP: 159/184 MP: 21/21
 37131 | Depths:4 | Noticed a golden dragon
 37133 | Depths:4 | Noticed a golden dragon
 37225 | Depths:4 | Noticed a golden dragon
 37393 | Depths:4 | Noticed a bone dragon
 38600 | Depths:4 | Found a runed translucent door.
 38615 | Depths:4 | Found a runed translucent door.
 38622 | Depths:4 | Found a runed translucent door.
 38622 | Depths:4 | Found a runed translucent door.
 38630 | Depths:4 | Killed a golden dragon
 38671 | Depths:4 | Killed a golden dragon
 38733 | Depths:4 | Found a runed translucent door.
 38740 | Depths:4 | Found a runed translucent door.
 38751 | Depths:4 | Killed a bone dragon
 38777 | Depths:4 | Noticed a bone dragon
 38790 | Depths:4 | Found a gate to the Realm of Zot.
 38806 | Depths:4 | Killed a golden dragon
 39007 | Depths:4 | Killed a bone dragon
 39246 | Vaults:1 | Entered Level 1 of the Vaults
 39298 | Vaults:1 | Reached skill level 1 in Spellcasting
 39301 | Vaults:1 | Reached skill level 1 in Translocations
 39920 | Vaults:1 | Learned a level 2 spell: Lesser Beckoning
 40295 | Vaults:1 | Identified the amulet "Yblusuc" {Reflect -Tele Will+ Dex+5
                  | SH+5}
 40679 | D:15     | Bought a talisman of death for 1280 gold pieces
 41005 | Vaults:2 | Noticed Norris
 41007 | Vaults:2 | Reached XP level 22. HP: 192/192 MP: 26/26
 41007 | Vaults:2 | Killed Norris
 41026 | Vaults:2 | Found Fagirph's Weapon Emporium.
 41137 | Vaults:2 | A malevolent force fills the Vaults...
 41137 | Vaults:2 | You are sucked into a shaft and drop 1 floor!
 41167 | Vaults:2 | Noticed Nikola
 41181 | Vaults:2 | Killed Nikola
 41224 | Vaults:2 | A malevolent force fills the Vaults...
 41902 | Vaults:3 | Noticed Donald
 41904 | Vaults:3 | Killed Donald
 42036 | Vaults:3 | Reached skill level 5 in Spellcasting
 42207 | Vaults:3 | Found a staircase to the Crypt.
 42260 | Vaults:3 | Reached skill level 5 in Translocations
 42303 | Vaults:3 | Noticed Zenata
 42306 | Vaults:3 | Killed Zenata
 43663 | Vaults:4 | Reached XP level 23. HP: 199/199 MP: 32/32
 43904 | Vaults:4 | Upgraded the game from 0.32-a0-132-g2d33c3cfaf to
                  | 0.32-a0-136-gc02482bde3
 43905 | Vaults:5 | Entered Level 5 of the Vaults
 44233 | Vaults:5 | Identified the +8 great sword of Aqenleost {venom, rElec
                  | rPois Will+++}
 44262 | Vaults:5 | Identified the +0 chain mail "Emiel" {rF++ rC+}
 44262 | Vaults:5 | Identified the ring of Vuw Vifo {Fly rElec MP+9}
 44350 | Vaults:5 | Identified the +9 great sword of Cowardice {heavy, rN+++
                  | Str-3}
 44353 | Vaults:5 | Identified the +6 falchion "Lioz" {vamp, rElec rPois Str-4
                  | Dex+2}
 44503 | Vaults:5 | Noticed a golden dragon
 44503 | Vaults:5 | Identified the +2 leather armour "Vyeseg" {rPois rC-
                  | Will+++ Str-5}
 44507 | Vaults:5 | Identified the orb "Ubabb" {*channel, rPois}
 44507 | Vaults:5 | Noticed Frederick
 44519 | Vaults:5 | Killed Frederick
 44527 | Vaults:5 | Noticed an ancient lich
 44530 | Vaults:5 | Killed a golden dragon
 44911 | Vaults:5 | Killed an ancient lich
 45224 | Vaults:5 | Identified the +12 scimitar "Wijut" {holy, Will++}
 45473 | Vaults:5 | Identified the +2 long sword of Impermanence {vamp, rF- rN+
                  | Int+4}
 45591 | Vaults:5 | Identified the ring "Icaurrow" {^Contam rElec rPois rCorr
                  | Dex+4}
 45691 | Vaults:5 | Identified the staff of Oxtya {Dex+5 Fire Earth}
 45717 | Vaults:5 | Reached XP level 24. HP: 123/210 MP: 32/32
 45980 | Vaults:5 | Identified the +0 robe of Life {Harm Int+3}
 46004 | Vaults:5 | Identified the +2 chain mail "Meston" {+Inv rC+ Int-5}
 46276 | Vaults:5 | Got a silver rune of Zot
 46295 | Vaults:5 | Identified the orb of the Sun {mayhem, rC- Str+2 Int+2
                  | Dex+2}
 46811 | Orc:1    | Entered Level 1 of the Orcish Mines
 46985 | Orc:2    | Entered Level 2 of the Orcish Mines
 47040 | Orc:2    | Found a burning altar of Makhleb.
 47236 | Orc:2    | Found Basilos's Book Emporium.
 47252 | Orc:2    | Found a staircase to the Elven Halls.
 47396 | Orc:2    | A malevolent force fills the Orcish Mines...
 47461 | Orc:2    | Found Ibuabyl's Antique Armour Boutique.
 47461 | Orc:2    | Found Omokhatasm's Antique Weapon Boutique.
 47553 | Orc:2    | Found Pejan's General Store.
 47553 | Orc:2    | Found Gohyat's Book Shop.
 47655 | Orc:1    | A malevolent force fills the Orcish Mines...
 47698 | Orc:1    | A malevolent force fills the Orcish Mines...
 47913 | Orc:2    | Bought a pair of runed gloves for 232 gold pieces
 47968 | Elf:1    | Entered Level 1 of the Elven Halls
 48113 | Elf:1    | Paralysed by an air elemental for 1 turns
 48343 | Elf:1    | Found Hoelaruw's Armour Shop.
 48600 | Elf:1    | Gained mutation: Your body sometimes deteriorates upon
                  | taking damage. [mutagenic glow]
 48690 | Elf:1    | Got the Lessons on Reconfiguration
 48912 | Elf:2    | Found Toguepy's Antique Armour Boutique.
 48958 | Elf:2    | Found a huge runed translucent gate.
 48958 | Elf:2    | Found a huge runed translucent gate.
 48958 | Elf:2    | Found a huge runed translucent gate.
 48958 | Elf:2    | Found a huge runed translucent gate.
 48960 | Elf:2    | Found a huge runed translucent gate.
 49067 | Elf:2    | Found Banaaffeiri's Book Boutique.
 49067 | Elf:2    | Found Pifipafu's Jewellery Shoppe.
 49068 | Elf:2    | Found Turratil's Jewellery Shoppe.
 49242 | Elf:3    | Entered Level 3 of the Elven Halls
 49242 | Elf:3    | Found Ruigu's Antique Armour Shop.
 49245 | Elf:3    | Bought a pair of glowing gloves for 180 gold pieces
 49265 | Elf:3    | Bought a pair of glowing boots for 180 gold pieces
 49722 | Elf:3    | Identified the ring of Orim {Str+6 Dex+3 Stlth+}
 49785 | Elf:3    | Identified the ring "Otammas" {rF+ rCorr SInv}
 49804 | Elf:3    | Identified the +0 robe of the Abyss {-Tele rElec rC+
                  | Archmagi}
 49812 | Elf:3    | Identified the +0 leather armour of Milatz {^Drain MP-9
                  | Int+9}
 49941 | Elf:3    | Got Vehumet's Papyrus of Proximity
 49968 | Elf:3    | Identified the +4 dagger "Bethrowy" {venom, rElec MP+9}
 50057 | Elf:3    | Identified the +4 plate armour of the Candlemaker {+Blink
                  | rC++ Str-4}
 50312 | Orc:2    | Bought a scroll of enchant armour for 120 gold pieces
 50535 | Slime:1  | Entered Level 1 of the Pits of Slime
 50823 | Slime:2  | Reached XP level 25. HP: 212/217 MP: 32/32
 51081 | Slime:5  | Entered Level 5 of the Pits of Slime
 51452 | Slime:5  | Found a viscous altar of Jiyva.
 51453 | Slime:5  | Found the +3 giant club "Skullcrusher" {speed, Str+7}
 51457 | Slime:5  | Found the dreamshard necklace {Acrobat *Dream}
 51457 | Slime:5  | Found the +0 mask of the Dragon {Will+ Slay+3 SInv}
 51671 | Slime:5  | Noticed the Royal Jelly
 51736 | Slime:5  | Killed the Royal Jelly
 51803 | Slime:5  | Got the Compilation of Ouranomancy
 51809 | Slime:5  | Got a slimy rune of Zot
 51815 | Slime:5  | Identified the +1 great sword "Zona" {protect, rC+ rN+}
 51854 | Slime:5  | Identified the +0 cloak of Gujosiu {rPois Dex+3}
 51860 | Slime:5  | Identified the +4 scale mail "Guujasog" {rF+}
 51863 | Slime:5  | Identified the ring "Byoshumm" {rPois Dex+3}
 51939 | Slime:5  | Identified a dragon-blood talisman
 52342 | D:15     | Lost mutation: Your body sometimes deteriorates upon taking
                  | damage. [potion of mutation]
 52342 | D:15     | Gained mutation: You expend magic power (3 MP) to
                  | strengthen your wands. [potion of mutation]
 52342 | D:15     | Gained mutation: You passively dampen the noise of your
                  | surroundings. [potion of mutation]
 52439 | Depths:3 | Bought a scroll of revelation for 165 gold pieces
 52439 | Depths:3 | Bought a scroll of teleportation for 66 gold pieces
 52439 | Depths:3 | Bought 2 potions of curing for 132 gold pieces
 52439 | Depths:3 | Bought 2 potions of curing for 132 gold pieces
 52474 | Pan      | Entered Pandemonium
 52485 | Pan      | Noticed Xoce the pandemonium lord
 52588 | Pan      | Killed Xoce the pandemonium lord
 52600 | Pan      | Found a runed translucent door.
 52621 | Pan      | Got a demonic rune of Zot
 52730 | Pan      | Reached skill level 1 in Stealth
 52973 | Pan      | Identified the ring "Genet" {rN+ rCorr Int+2 Dex-2}
 52984 | Pan      | Got Maure's Tome of Refrigeration
 52997 | Pan      | Upgraded the game from 0.32-a0-136-gc02482bde3 to
                  | 0.32-a0-163-g159c032296
 53036 | Pan      | Reached skill level 1 in Ice Magic
 53153 | Pan      | Found a white marble altar of Elyvilon.
 53423 | Pan      | Upgraded the game from 0.32-a0-163-g159c032296 to
                  | 0.32-a0-172-gc5dd13f2a7
 53424 | Pan      | Entered the realm of Lom Lobon.
 53534 | Pan      | Noticed Lom Lobon
 53565 | Pan      | Killed Lom Lobon
 53566 | Pan      | Reached XP level 26. HP: 37/229 MP: 0/32
 53729 | Pan      | Got a magical rune of Zot
 53807 | Pan      | Reached skill level 5 in Ice Magic
 53809 | Pan      | Reached skill level 5 in Stealth
 53884 | Pan      | Entered the realm of Gloorx Vloq.
 53915 | Pan      | Identified a granite talisman
 53925 | Pan      | Found an exit through the horrors of the Abyss.
 53942 | Pan      | Identified the +8 sling of Riama {antimagic, rN+ Int+2}
                  | (You found it in Pandemonium)
 54041 | Pan      | Learned a level 3 spell: Ozocubu's Armour
 54046 | Pan      | Learned a level 4 spell: Passage of Golubria
 54102 | Pan      | Learned a level 4 spell: Vhi's Electric Charge
 54109 | Pan      | Noticed Gloorx Vloq
 54171 | Pan      | Killed Gloorx Vloq
 54197 | Pan      | Got a dark rune of Zot
 54353 | Pan      | Entered the realm of Cerebov.
 54587 | Pan      | Found the +6 sword of Cerebov {flame}
 54587 | Pan      | Noticed Cerebov
 54601 | Pan      | Reached skill level 10 in Ice Magic
 54606 | Pan      | Killed Cerebov
 54615 | Pan      | Got a fiery rune of Zot
 54645 | Pan      | Got the Discourse on the Stygian Fair Folk
 54654 | Pan      | Identified the ring of Morhov {EV+5 Str+5 Stlth-}
 54670 | Pan      | Identified the +3 quarterstaff "Dyf Jeor" {venom, rC++
                  | Str+2}
 54691 | Pan      | Identified the amulet "Ziclea Goig" {Acrobat Will- rCorr
                  | Str-5 Int+8}
 54706 | Pan      | Got the Parchment of Astrapomancy
 54727 | Pan      | Identified the staff of Fiusoh {rPois rN+ Will+ Conj Necro}
 54785 | Pan      | Entered the realm of Mnoleg.
 54805 | Pan      | Noticed Mnoleg
 54825 | Pan      | Killed Mnoleg
 54854 | Pan      | Increase (s)trength, (i)ntelligence, or (d)exterity?
 54854 | Pan      | Reached XP level 27. HP: 225/240 MP: 3/32
 54860 | Pan      | Reached skill level 27 in Dodging
 54927 | Pan      | Got a glowing rune of Zot
 54966 | Pan      | Found an exit through the horrors of the Abyss.
 54972 | Pan      | Took an exit into the Abyss.
 54972 | Abyss:1  | Escaped into the Abyss
 55061 | Abyss:1  | Found a corrupted altar of Lugonu.
 55069 | Abyss:2  | Found a corrupted altar of Lugonu.
 55303 | Abyss:2  | Reached skill level 1 in Air Magic
 55338 | Abyss:2  | Found a corrupted altar of Lugonu.
 55378 | Abyss:2  | Found a corrupted altar of Lugonu.
 55450 | Abyss:3  | Got an abyssal rune of Zot
 55475 | Abyss:3  | Found a corrupted altar of Lugonu.
 55495 | Depths:3 | Escaped the Abyss
 55662 | D:15     | You paid a toll of 5 scrolls of fog to enter a treasure
                  | trove
 55663 | Trove    | Entered a treasure trove
 55700 | Trove    | Identified the amulet of Stoicism {Spirit rC+}
 55704 | Trove    | Identified the amulet "Qurr" {Acrobat +Blink}
 55822 | D:15     | Reached skill level 15 in Armour
 55860 | Hell     | Entered the Vestibule of Hell
 55860 | Hell     | Noticed Geryon
 55862 | Hell     | A malevolent force fills the Vestibule of Hell...
 55873 | Hell     | Found a gateway to the freezing wastes of Cocytus.
 55952 | Hell     | Killed Geryon
 55958 | Hell     | Found a gateway to the Iron City of Dis.
 55988 | Hell     | Found a gateway to the ashen valley of Gehenna.
 56053 | Geh:1    | Entered Level 1 of Gehenna
 56316 | Geh:4    | A malevolent force fills Gehenna...
 56470 | Geh:5    | Reached skill level 5 in Air Magic
 56539 | Geh:6    | Noticed an ancient lich
 56542 | Geh:7    | Entered Level 7 of Gehenna
 56750 | Geh:7    | Identified the staff of Hard Scrabble {rC+ rN+ Int+2 Fire
                  | Ice}
 56807 | Geh:7    | Identified the +2 ring mail of the Journeyman {Str-5 Dex+6}
 56840 | Geh:7    | Found the +13 sceptre of Asmodeus
 56840 | Geh:7    | Noticed Asmodeus
 56853 | Geh:7    | Killed Asmodeus
 56861 | Geh:7    | Got an obsidian rune of Zot
 57181 | Coc:1    | Entered Level 1 of Cocytus
 57182 | Coc:1    | Noticed a dread lich
 57190 | Coc:1    | Killed a dread lich
 57193 | Coc:1    | Upgraded the game from 0.32-a0-172-gc5dd13f2a7 to
                  | 0.32-a0-290-g598725c5f2
 57511 | Coc:5    | Paralysed by a wendigo for 1 turns
 57726 | Coc:6    | Paralysed by a wendigo for 1 turns
 57779 | Coc:7    | Entered Level 7 of Cocytus
 57786 | Coc:7    | Paralysed by a wendigo for 1 turns
 57982 | Coc:7    | Noticed the Serpent of Hell
 58006 | Coc:7    | Killed the Serpent of Hell
 58039 | Coc:7    | Noticed an ancient lich
 58050 | Coc:7    | Killed an ancient lich
 58110 | Coc:7    | Noticed Antaeus
 58128 | Coc:7    | Killed Antaeus
 58145 | Coc:7    | Got an icy rune of Zot
 58146 | Coc:7    | Identified the ring "Cuosaupo" {^Contam rCorr Int+4 SInv
                  | Stlth+}
 58344 | Hell     | Found a gateway to the decaying netherworld of Tartarus.
 58353 | Tar:1    | Entered Level 1 of Tartarus
 58383 | Tar:3    | A malevolent force fills Tartarus...
 58456 | Tar:3    | Learned a level 3 spell: Fugue of the Fallen
 58527 | Tar:5    | Noticed a dread lich
 58533 | Tar:5    | Killed a dread lich
 58681 | Tar:7    | Entered Level 7 of Tartarus
 58970 | Tar:7    | Noticed Ereshkigal
 59040 | Tar:7    | Paralysed by Ereshkigal for 3 turns
 59055 | Tar:7    | Killed Ereshkigal
 59149 | Tar:7    | Got a bone rune of Zot
 59188 | Tar:7    | Reached skill level 27 in Fighting
 59426 | Dis:1    | Entered Level 1 of the Iron City of Dis
 59433 | Dis:1    | Reached skill level 1 in Necromancy
 59583 | Dis:2    | Noticed a juggernaut
 59587 | Dis:2    | Killed a juggernaut
 60061 | Dis:3    | Upgraded the game from 0.32-a0-290-g598725c5f2 to
                  | 0.32-a0-306-gfed3edf829
 60291 | Dis:6    | Reached skill level 5 in Necromancy
 60694 | Dis:6    | Reached skill level 10 in Spellcasting
 60799 | Dis:6    | Noticed an ancient lich
 60799 | Dis:6    | Noticed a dread lich
 60807 | Dis:6    | Killed an ancient lich
 60810 | Dis:6    | Killed a dread lich
 61017 | Dis:7    | Entered Level 7 of the Iron City of Dis
 61029 | Dis:7    | Learned a level 9 spell: Polar Vortex
 61123 | Dis:7    | Reached skill level 27 in Unarmed Combat
 61179 | Dis:7    | Learned a level 6 spell: Sculpt Simulacrum
 61366 | Dis:7    | Noticed Dispater
 61452 | Dis:7    | Noticed a juggernaut
 61457 | Dis:7    | Killed a juggernaut
 61460 | Dis:7    | Reached skill level 27 in Shapeshifting
 61461 | Dis:7    | Killed Dispater
 61467 | Dis:7    | Found the ring of Shadows {Umbra +Inv Stlth+}
 61475 | Dis:7    | Got an iron rune of Zot
 61483 | Dis:7    | Identified the ring of the Three Beds {Fire rElec rN+++
                  | Int-5 SInv}
 61896 | Crypt:1  | Entered Level 1 of the Crypt
 61996 | Crypt:3  | Entered Level 3 of the Crypt
 62045 | Crypt:3  | Reached skill level 15 in Ice Magic
 62067 | Crypt:3  | Found a magical portal.
 62247 | Crypt:3  | Noticed a dread lich
 62253 | Crypt:3  | Killed a dread lich
 62361 | Crypt:3  | Found a basalt altar of Yredelemnul.
 62376 | Crypt:3  | A malevolent force fills the Crypt...
 62407 | Crypt:3  | Got the Catalogue of Tephra and Shifting
 62409 | Crypt:3  | Got an ivory gem with 1320 turns to spare
 62448 | Crypt:3  | A malevolent force fills the Crypt...
 62754 | Crypt:3  | Found a staircase to the Tomb.
 62761 | Tomb:1   | Entered Level 1 of the Tomb of the Ancients
 62849 | Tomb:1   | Noticed a royal mummy
 62855 | Tomb:1   | Killed a royal mummy
 62927 | Tomb:2   | A malevolent force fills the Tomb of the Ancients...
 62931 | Tomb:2   | Noticed a royal mummy
 62933 | Tomb:2   | Noticed a royal mummy
 62938 | Tomb:2   | Noticed a royal mummy
 62938 | Tomb:2   | Killed a royal mummy
 62939 | Tomb:2   | Noticed a royal mummy
 62944 | Tomb:2   | Killed a royal mummy
 62947 | Tomb:2   | Killed a royal mummy
 62947 | Tomb:2   | Killed a royal mummy
 63171 | Tomb:1   | Noticed a royal mummy
 63179 | Tomb:1   | Killed a royal mummy
 63209 | Tomb:1   | Noticed a royal mummy
 63215 | Tomb:1   | Noticed a royal mummy
 63225 | Tomb:1   | Killed a royal mummy
 63229 | Tomb:1   | Killed a royal mummy
 63235 | Tomb:1   | Noticed a royal mummy
 63235 | Tomb:1   | Noticed a royal mummy
 63239 | Tomb:1   | Noticed a royal mummy
 63240 | Tomb:1   | Killed a royal mummy
 63243 | Tomb:1   | Killed a royal mummy
 63248 | Tomb:1   | Killed a royal mummy
 63253 | Tomb:1   | Noticed a royal mummy
 63259 | Tomb:1   | Killed a royal mummy
 63271 | Tomb:1   | Noticed a royal mummy
 63271 | Tomb:1   | Noticed a royal mummy
 63275 | Tomb:1   | Killed a royal mummy
 63276 | Tomb:1   | You miscast Vhi's Electric Charge.
 63286 | Tomb:1   | Killed a royal mummy
 63309 | Tomb:1   | Noticed a royal mummy
 63315 | Tomb:1   | Killed a royal mummy
 63319 | Tomb:1   | Noticed a royal mummy
 63322 | Tomb:1   | Killed a royal mummy
 63335 | Tomb:1   | Noticed a royal mummy
 63341 | Tomb:1   | Killed a royal mummy
 63347 | Tomb:1   | Noticed a royal mummy
 63347 | Tomb:1   | Noticed a royal mummy
 63347 | Tomb:1   | Noticed a royal mummy
 63348 | Tomb:1   | Noticed a royal mummy
 63350 | Tomb:1   | Killed a royal mummy
 63398 | Tomb:1   | Killed a royal mummy
 63412 | Tomb:1   | Killed a royal mummy
 63423 | Tomb:1   | Killed a royal mummy
 63469 | Tomb:1   | Noticed a royal mummy
 63470 | Tomb:1   | Noticed a royal mummy
 63478 | Tomb:1   | Killed a royal mummy
 63479 | Tomb:1   | Reached skill level 10 in Necromancy
 63480 | Tomb:1   | Killed a royal mummy
 63499 | Tomb:1   | Noticed a royal mummy
 63504 | Tomb:1   | Killed a royal mummy
 63535 | Tomb:1   | Learned a level 4 spell: Dispel Undead
 63640 | Tomb:3   | Entered Level 3 of the Tomb of the Ancients
 63652 | Tomb:3   | Noticed Mennas
 63661 | Tomb:3   | Killed Mennas
 63667 | Tomb:3   | Noticed a royal mummy
 63675 | Tomb:3   | Killed a royal mummy
 63687 | Tomb:3   | Noticed a royal mummy
 63701 | Tomb:3   | Killed a royal mummy
 63702 | Tomb:3   | Reached skill level 15 in Spellcasting
 63723 | Tomb:3   | Noticed a royal mummy
 63724 | Tomb:3   | Noticed a royal mummy
 63729 | Tomb:3   | Killed a royal mummy
 63729 | Tomb:3   | Killed a royal mummy
 63776 | Tomb:3   | Noticed a royal mummy
 63777 | Tomb:3   | Noticed a royal mummy
 63782 | Tomb:3   | Killed a royal mummy
 63782 | Tomb:3   | Killed a royal mummy
 63788 | Tomb:3   | Noticed a royal mummy
 63788 | Tomb:3   | Noticed a royal mummy
 63793 | Tomb:3   | Killed a royal mummy
 63797 | Tomb:3   | Killed a royal mummy
 63868 | Tomb:3   | Got a sanguine gem with 622 turns to spare
 63871 | Tomb:3   | Got a golden rune of Zot
 63968 | Tomb:3   | Identified the ring of Sunlight {rElec rPois rF++ rC+
                  | Stlth-}
 63977 | Tomb:3   | Identified the +0 ring mail of Dafiwuse {rF+ Str+3}
 63984 | Tomb:3   | Identified the +4 chain mail of Tuakla {Str+2}
 63992 | Tomb:3   | Identified the amulet "Xeamm" {^Contam +Inv Regen+ Stlth+}
 63994 | Tomb:3   | Identified the +6 dagger of Pain and Death {heavy, rElec
                  | rF- rN+ rCorr}
 64626 | Zot:1    | Entered Level 1 of the Realm of Zot
 64668 | Zot:1    | Noticed Vv
 64834 | Depths:4 | Killed Vv
 64915 | Zot:1    | Noticed an ancient lich
 64921 | Zot:1    | Killed an ancient lich
 65011 | Zot:1    | You miscast Lesser Beckoning.
 65069 | Zot:1    | Found the +4 dragonskin cloak
 65069 | Zot:1    | Noticed Tiamat
 65254 | Depths:4 | Killed Tiamat
 65332 | Zot:1    | Noticed Grunn
 65378 | Depths:4 | Killed Grunn
 65820 | Zot:5    | Entered Level 5 of the Realm of Zot
 66080 | Zot:5    | Noticed an orb of fire
 66081 | Zot:5    | Noticed a dread lich
 66085 | Zot:5    | Noticed an orb of fire
 66089 | Zot:5    | Killed an orb of fire
 66090 | Zot:5    | Noticed a dread lich
 66090 | Zot:5    | Noticed an orb of fire
 66090 | Zot:5    | Noticed an orb of fire
 66090 | Zot:5    | Killed an orb of fire
 66092 | Zot:5    | Killed a dread lich
 66092 | Zot:5    | Killed an orb of fire
 66094 | Zot:5    | Noticed an ancient lich
 66094 | Zot:5    | Killed a dread lich
 66100 | Zot:5    | Killed an orb of fire
 66101 | Zot:5    | Noticed a dread lich
 66104 | Zot:5    | Killed an ancient lich
 66107 | Zot:5    | Killed a dread lich
 66116 | Zot:5    | Noticed a dread lich
 66117 | Zot:5    | Noticed an ancient lich
 66120 | Zot:5    | Killed a dread lich
 66130 | Zot:5    | Killed an ancient lich
 66298 | Zot:5    | Got the Orb of Zot
 66748 | D:5      | Killed Blork the orc
 66810 | D:$      | Escaped with the Orb!

Illustrated notes

Levels and vault maps discovered:
D:1:      onia_arrival_mini_maze_b, layout_basic, minmay_misc_feat_square,
          corexii_item_surrounded_by_moat, minmay_liquid_box,
          minmay_tetromino_o2
D:2:      layout_basic, serial_shops, shop, ebering_ecumenical_altar_hall,
          bh_walls_and_bars
D:3:      layout_basic, grunt_temple_overflow_magic_moments,
          gammafunk_ghost_mausoleum
D:4:      lemuel_castle_with_subvaults [lemuel_castle_interior_carwin_2],
          layout_gridville, kennysheep_pointless_box, uniq_ijyb, uniq_pikel
D:5:      layout_basic, grunt_temple_overflow_forces_of_nature,
          minmay_temple_entry_glassed_door, uniq_blork_the_orc
D:6:      layout_gridville, mainiacjoe_overflow_cross_hatched,
          mainiacjoe_overflow_six_doors_small, chequers_ossuary_entry_cave,
          dk_rats_in_the_wall, uniq_sigmund
D:7:      layout_loops_ring, grunt_temple_overflow_open, uniq_duvessa
D:8:      gammafunk_cloud_chamber, layout_rooms, nicolae_overflow_hidden_temple,
          enter_bailey_2, minmay_lizard_king
D:9:      layout_loops_cross, mainiacjoe_overflow_24_doors, uniq_erica,
          uniq_maurice
D:10:     layout_irregular_city, mainiacjoe_overflow_catwalk, hiddenorc2_lemuel,
          uniq_maggie, uniq_snorg
D:11:     layout_layer_cave, lair_entry_dummy
D:12:     layout_cave_pools, portal_ice_cave_entry_pillars_2, minivault_10,
          hangedman_decor_lopped, zin_statuary
D:13:     layout_cave_pools, david_vaults_4
D:14:     layout_layer_cave, gauntlet_entry_generic,
          amcnicky_mini_rare_corridor_liquid, nicolae_figureground_sparkle,
          uniq_frances
D:15:     hangedman_depths_entry_try_elsewhere_first, layout_rooms,
          serial_aquarium, aquarium_bridge_square [aquarium_subvault_wall,
          aquarium_subvault_wall, aquarium_subvault_window,
          aquarium_subvault_bridge], aquarium_window_corridor_2,
          aquarium_window_2, aquarium_window_fake, aquarium_view_2c,
          aquarium_view_2e, aquarium_balcony_5a, aquarium_pool_side,
          serial_shops, shop_statue, enter_trove_6
Temple:   jpeg_temple_island
Lair:1:   layout_cave_pods, grunt_megastairs_5
Lair:2:   layout_gridlike, swamp_mist_pool, alex1729_snake_entry_snake,
          nicolae_lair_grazing_beasts [nicolae_sub_lair_graze_edge,
          nicolae_sub_lair_graze_edge, nicolae_sub_lair_graze_edge,
          nicolae_sub_lair_graze_edge]
Lair:3:   layout_cave_pods
Lair:4:   layout_hall_layers, nicolae_slime_entry_slimehenge, minivault_27
Lair:5:   hellmonk_lair_end_abyssal_woods, layout_hall_layers,
          hellmonk_guarded_unrand_seven_league_boots
Swamp:1:  layout_basic_swamp, nicolae_swamp_reclaimed_castle
Swamp:2:  layout_basic_swamp, nicolae_swamp_bean_lake
Swamp:3:  layout_basic_swamp, evilmike_swamp_ruin_house_4, swamp_pool_5,
          hangedman_swamp_double_dragon
Swamp:4:  swamp_old_school, layout_basic_swamp
Snake:1:  layout_layer_cave, nicolae_snake_flat_spine,
          serial_library_regret_index_turning
Snake:2:  layout_layer_cave, nicolae_triple_integral
Snake:3:  layout_chambers, serial_shops, nicolae_shop_waterfront, uniq_aizul,
          uniq_saint_roka
Snake:4:  grunt_snake_rune_spirals, layout_onion, eino_curves_03, st_stairs_11
Slime:1:  layout_caves, cheibrodos_slime_lost_civilization_7
Slime:2:  layout_caves
Slime:3:  layout_caves
Slime:4:  layout_caves
Slime:5:  slime_pit_nicolae_block_by_block
Orc:1:    layout_caves, nicolae_orc_seminary
Orc:2:    st_orc_congregation, layout_caves, serial_shops, shop, bloody_makhleb
Elf:1:    nicolae_elf_arrival_no_cutting_in_line, layout_loops_corners,
          serial_shops, nicolae_lakefront_shop, shop_coins, shop, shop,
          evilmike_minifort, hangedman_research_toxicology
Elf:2:    elven_hall_of_blades_hangedman_alternative [nicolae_blade_lattice],
          layout_gridlike, serial_shops, nicolae_shop_dealshenge,
          minmay_shop_grove
Elf:3:    minmay_elf_hall_hex, layout_geoelf_octagon, serial_shops, shop
Vaults:1: vaults_mumra_minichess, ontoclasm_vaults_tryst, v_pattern_4,
          nicolae_vaults_asterisk, nicolae_vaults_bisected_exclaves,
          vaults_dpeg_spiral, nicolae_vaults_tetromino_T_1,
          layout_vaults_quadrants
Vaults:2: nicolae_vaults_taking_the_gang_shopping, nicolae_vaults_apartment_2,
          nicolae_vaults_trapezoid_4, nicolae_vaults_loss_of_containment,
          grunt_vaults_hallway_long, v_misc_18, nicolae_vaults_tetromino_T_2,
          vaults_mumra_lcd, nicolae_vaults_little_squares_1,
          nicolae_vaults_layer_cake_slice, dpeg_vaults_monster_box,
          vaults_dpeg_encased_lava, nicolae_vaults_wine_cellar,
          layout_vaults_omnibox, uniq_nikola, uniq_norris
Vaults:3: vaults_room_boxed, nicolae_vaults_more_shelving_1,
          grunt_vaults_twisty, vaults_room_hallway, v_misc_13,
          minmay_crypt_entry_simple_corners, nicolae_vaults_hallways_thing,
          nicolae_vaults_know_your_exits, v_pattern_5,
          vaults_standard_mumra_lines, nicolae_vaults_closet_pinwheel_6,
          ontoclasm_vaults_gateway, layout_vaults_maze_bifur, uniq_margery,
          uniq_donald, uniq_zenata
Vaults:4: nicolae_vaults_closet_pinwheel_5, vaults_room_door_hall,
          ontoclasm_vaults_shout, v_rooms_6, hangedman_vaults_pinch,
          nicolae_vaults_apartment_1, nicolae_vaults_big_angled_halls,
          nicolae_vaults_little_squares_6, nicolae_vaults_little_squares_6,
          nicolae_vaults_tangram_1, nicolae_vaults_surprise_closet,
          nicolae_vaults_diamond_2, layout_vaults_big_room
Vaults:5: uniq_frederick
Crypt:1:  layout_misc_corridors, nicolae_crypt_ex-fountain, grunt_megastairs_2
Crypt:2:  layout_misc_corridors, serial_glass, glass_columns_a, glass_columns_b,
          item_on_display_a
Crypt:3:  church_of_pain_bobbens, layout_chaotic_city,
          nicolae_tomb_entry_unfolded_pyramid_orthogonal,
          lightli_enter_wizlab_magi_temple, nicolae_crypt_wrong_turn
Tomb:1
Tomb:2
Tomb:3:   uniq_mennas
Depths:1: lemuel_vampire_tower, layout_basic, hell_entry,
          abyss_entry_flame_altar, fountainhead, grunt_pan_entry_sceptre,
          minmay_multi_spiral
Depths:2: minmay_broken_ring, layout_gridlike, enter_ziggurat_f, hell_entry,
          yredelemnul_altar_generic, serial_rivers,
          chequers_serial_rivers_micro_e, chequers_serial_rivers_small_a,
          chequers_serial_rivers_micro_a, chequers_serial_rivers_micro_e,
          pan_entry, uniq_asterion, uniq_bai_suzhen
Depths:3: minmay_the_grid_octo_tiled_octocenter [minmay_the_grid_octo_shrine,
          minmay_the_grid_octo_fan_narrow, minmay_the_grid_octo_focus,
          minmay_the_grid_octo_horde, minmay_the_grid_octo_prize_single_spiral,
          minmay_the_grid_square_5x5_forky, minmay_the_grid_square_5x5_three,
          minmay_the_grid_square_5x5_minivault,
          minmay_the_grid_square_5x5_two_walls_a], layout_cave_pools,
          rand_demon_pan_entry_9, serial_shops, nicolae_shop_tiny_waterfront,
          hangedman_coc_ice_floe, abyss_entry
Depths:4: evilmike_zot_entry_castle, layout_gridlike, hell_entry,
          rand_demon_pan_entry_1, patterned_corridor
Hell
Dis:1:    layout_subdivisions
Dis:2:    layout_regular_city, nicolae_dis_step_into_the_octagon
Dis:3:    layout_subdivisions, minmay_strange_pillars
Dis:4:    layout_gridville, nicolae_dis_distal_crystal
Dis:5:    layout_gridville
Dis:6:    nicolae_dis_metal_hellway, layout_gridville, lemuel_mystery_crypt
Dis:7:    dis_st
Geh:1:    layout_gehenna_lava_caves
Geh:2:    layout_gehenna_pools_box
Geh:3:    layout_gehenna_pools_basic
Geh:4:    layout_gehenna_pools_box, not_door_vault_due
Geh:5:    layout_gehenna_lava_caves
Geh:6:    layout_gehenna_pools_box
Geh:7:    geh_grunt
Coc:1:    layout_cocytus_delve
Coc:2:    nicolae_coc_naught_crossing, layout_cocytus_delve
Coc:3:    layout_cocytus_delve
Coc:4:    layout_cocytus_water_paths
Coc:5:    layout_cocytus_water_paths
Coc:6:    layout_cocytus_delve
Coc:7:    coc_grunt
Tar:1:    layout_catacombs, nicolae_tar_cuneiform_bird
Tar:2:    layout_cathedral_of_symmetry, nicolae_tar_cuneiform_oil
Tar:3:    layout_honeycomb, nicolae_tar_spectre_spectrum
Tar:4:    layout_grid_maze, nicolae_tar_combstack
Tar:5:    layout_cathedral_of_symmetry
Tar:6:    layout_cathedral_of_symmetry, nicolae_tar_cuneiform_city
Tar:7:    tar_mu [tar_mu_maze]
Zot:1:    hangedman_zot_vaults_quadrants, layout_onion_interference,
          skrybe_zot_glass_2, st_stairs_9, uniq_grunn, uniq_vv, uniq_tiamat
Zot:2:    gammafunk_sealed_library, layout_gridlike
Zot:3:    layout_cellular_growth, regret_index_zotdec_demonic_mixed
Zot:4:    layout_misc_corridors, hangedman_zot_diagonal_lockstep,
          st_small_dragon_hoard_2, st_stairs_2
Zot:5:    layout_misc_corridors, regret_index_zotdec_slimy_original,
          nicolae_diode_quadrants

Skill      XL: |  1  2  3  4  5  6  7  8  9 10 11 12 13 14 15 16 17 18 19 20 21 22 23 24 25 26 27 |
---------------+----------------------------------------------------------------------------------+-----
Armour         | 1 2 3 5 8 9 11 13 14 17 | 17.6
Fighting       | 4 5 7 8 9 11 12 13 14 16 17 18 19 20 21 22 23 24 27 | 27.0
Unarmed Combat | 4 5 7 9 10 11 12 14 15 16 17 19 20 21 22 23 27 | 27.0
Dodging        | 5 6 9 10 12 14 15 17 18 19 21 22 23 25 26 27 | 27.0
Shapeshifting  | 1 5 8 10 12 13 14 16 17 18 19 20 23 24 25 27 | 27.0
Spellcasting   | 2 6 19 | 19.3
Translocations | 2 6 8 |  8.0
Stealth        | 4 5 |  5.0
Ice Magic      | 4 11 23 | 23.4
Air Magic      | 6 |  6.9
Necromancy     | 12 | 12.4

Action                     |  1- 3 |  4- 6 |  7- 9 | 10-12 | 13-15 | 16-18 | 19-21 | 22-24 | 25-27 || total
---------------------------+-------+-------+-------+-------+-------+-------+-------+-------+-------++-------
  Melee: Unarmed           |    89 |       |       |   213 |   963 |  1043 |  1039 |  1257 |  5923 || 10527
         Falchion          |    11 |    71 |   339 |   528 |       |       |       |       |       ||   949
         Punch             |     1 |     2 |    18 |    59 |   103 |   113 |   200 |   201 |  1462 ||  2159
         Tailslap          |       |       |       |    13 |    12 |    25 |    13 |       |       ||    63
   Fire: Sling             |       |       |       |       |       |       |       |       |    65 ||    65
  Throw: Boomerang         |     6 |     8 |    37 |    63 |       |       |       |       |       ||   114
         Stone             |     1 |       |     1 |     1 |       |       |       |       |       ||     3
         Dart              |       |    41 |    73 |    69 |       |       |       |       |       ||   183
   Cast: Blink             |       |       |       |       |       |       |       |     2 |     4 ||     6
         Apportation       |       |       |       |       |       |       |       |       |    15 ||    15
         Lesser Beckoning  |       |       |       |       |       |       |       |       |    22 ||    22
         Fugue of the Fall |       |       |       |       |       |       |       |       |    19 ||    19
         Passage of Golubr |       |       |       |       |       |       |       |       |     4 ||     4
         Vhi's Electric Ch |       |       |       |       |       |       |       |       |     4 ||     4
         Ozocubu's Armour  |       |       |       |       |       |       |       |       |     2 ||     2
 Invoke: Serpent's Lash    |       |       |       |     3 |    12 |    14 |    19 |    14 |    59 ||   121
         Heavenly Storm    |       |       |       |       |       |     3 |     1 |     3 |    11 ||    18
Ability: Whirlwind         |       |       |     9 |   136 |   407 |   437 |   294 |   568 |  2333 ||  4184
         Lunge             |       |       |     5 |    47 |   131 |   198 |   169 |   137 |   641 ||  1328
         Wall Jump         |       |       |     1 |    21 |    41 |    32 |    18 |     8 |    78 ||   199
         Begin Untransform |       |       |       |       |     1 |       |       |     4 |     2 ||     7
         Blinkbolt         |       |       |       |       |       |       |     3 |    13 |     7 ||    23
  Evoke: Wand              |       |       |    12 |    39 |     7 |     7 |     1 |       |     5 ||    71
         Phantom mirror    |       |       |       |       |       |       |       |       |     5 ||     5
         Lightning rod     |       |       |       |       |       |       |       |       |     1 ||     1
    Use: Scroll            |       |       |    12 |     5 |     8 |    10 |     4 |     2 |    21 ||    62
         Potion            |       |       |       |     1 |     1 |       |       |     3 |    11 ||    16
   Stab: Sleeping          |     2 |       |       |       |       |     3 |     1 |    16 |    14 ||    36
         Distracted        |       |       |       |       |     1 |       |     1 |     2 |    12 ||    16
 Armour: Ring mail         |    42 |    35 |   146 |   181 |       |       |       |       |       ||   404
         Robe              |     1 |       |       |       |       |       |       |       |       ||     1
         Troll leather arm |       |       |       |   112 |   191 |   182 |   137 |    12 |   639 ||  1273
         Skin              |       |       |       |     9 |       |       |     9 |   106 |    43 ||   167
         Chain mail        |       |       |       |       |    24 |       |       |       |       ||    24
         Acid dragon scale |       |       |       |       |     2 |     3 |     1 |       |       ||     6
  Dodge: Dodged            |    46 |    39 |   363 |   919 |   546 |   661 |   543 |   815 |  3073 ||  7005
   Form: Blade             |       |       |       |     1 |     1 |       |     1 |       |       ||     3
         Storm             |       |       |       |       |       |       |     2 |     5 |     7 ||    14
         Death             |       |       |       |       |       |       |       |     2 |     8 ||    10
                           |       |       |       |       |       |       |       |       |     1 ||     1

Table legend: (Time is in decaauts)
 A = Elapsed time spent in this place.
 B = Non-inter-level travel time spent in this place.
 C = Inter-level travel time spent in this place.
 D = Time resting spent in this place.
 E = Time spent auto-exploring this place.
 F = Levels seen in this place.
 G = Mean time per level.
                   A        B        C        D        E       F      G
               +--------+--------+--------+--------+--------+-----+--------+
         Total |  65522 |  57373 |   8149 |   5307 |  21800 | 110 |  595.7 |
       Dungeon |  18925 |  15719 |   3206 |   1339 |   7372 |  15 | 1261.7 |
        Temple |      1 |      1 |      0 |      0 |      0 |   1 |    1.0 |
          Lair |   6342 |   5322 |   1020 |    392 |   2502 |   5 | 1268.4 |
         Swamp |   1765 |   1749 |     16 |     14 |      0 |   4 |  441.2 |
     Snake Pit |   5333 |   4894 |    439 |    204 |   3844 |   4 | 1333.2 |
    Slime Pits |   1529 |   1416 |    113 |    156 |      0 |   5 |  305.8 |
  Orcish Mines |   1248 |   1011 |    237 |      0 |    776 |   2 |  624.0 |
   Elven Halls |   2298 |   2024 |    274 |     84 |   1306 |   3 |  766.0 |
        Vaults |   7022 |   6204 |    818 |    565 |   3504 |   5 | 1404.4 |
         Crypt |    934 |    686 |    248 |      0 |    236 |   3 |  311.3 |
          Tomb |   1460 |   1168 |    292 |     82 |      0 |   3 |  486.7 |
        Depths |   6410 |   5549 |    861 |    689 |   2126 |   4 | 1602.5 |
          Hell |    384 |    300 |     84 |      0 |      0 |   1 |  384.0 |
           Dis |   2176 |   2148 |     28 |    739 |      0 |   7 |  310.9 |
       Gehenna |   1055 |    931 |    124 |    136 |      0 |   7 |  150.7 |
       Cocytus |    841 |    840 |      1 |     60 |      0 |   7 |  120.1 |
      Tartarus |    965 |    634 |    331 |     38 |      0 |   7 |  137.9 |
           Zot |   1469 |   1416 |     53 |    127 |      0 |   5 |  293.8 |
         Abyss |    508 |    508 |      0 |      0 |     50 |   3 |  169.3 |
   Pandemonium |   2388 |   2388 |      0 |    144 |     82 |  14 |  170.6 |
         Trove |     79 |     79 |      0 |      0 |      0 |   1 |   79.0 |
       Ossuary |    230 |    230 |      0 |     31 |      0 |   1 |  230.0 |
        Bailey |   1282 |   1282 |      0 |    363 |      0 |   1 | 1282.0 |
      Ice Cave |     97 |     97 |      0 |     45 |      0 |   1 |   97.0 |
      Gauntlet |    772 |    772 |      0 |     94 |      0 |   1 |  772.0 |
               +--------+--------+--------+--------+--------+-----+--------+

Top non-repeatable levels by time:
     D:4: 2544 daAuts
Depths:4: 2381 daAuts
    D:11: 2105 daAuts
Vaults:5: 1938 daAuts
    D:15: 1892 daAuts
 Snake:3: 1538 daAuts
     D:9: 1508 daAuts
     D:7: 1443 daAuts
Depths:1: 1429 daAuts
Vaults:4: 1423 daAuts
Vaults:1: 1421 daAuts
Depths:2: 1398 daAuts
  Lair:1: 1376 daAuts
 Snake:4: 1364 daAuts
  Lair:2: 1334 daAuts
